 Dungeon Crawl Stone Soup version 0.19.0-2-gae57169 (webtiles) character file.

403 zxpr0jk the Chiller (level 6, -1/67 HPs)
             Began as a Draconian Ice Elementalist on Nov 4, 2016.
             Succumbed to Duvessa's poison
             ... on level 4 of the Dungeon.
             The game lasted 00:07:56 (2550 turns).

zxpr0jk the Chiller (Draconian Ice Elementalist)    Turns: 2550, Time: 00:07:57

Health: -1/67      AC: 35    Str: 11    XL:     6   Next: 55%
Magic:  0/10       EV:  2    Int: 15    God:
Gold:   161        SH:  0    Dex: 16    Spells: 3 memorised, 3 levels left

rFire  . . .     SeeInvis .     B - +2 trident (protect)
rCold  . . .     Gourm    .     (armour unavailable)
rNeg   + + +     Faith    .     (no shield)
rPois  +         Spirit   .     (helmet currently unavailable)
rElec  .         Reflect  .     (cloak currently unavailable)
rCorr  .         Harm     .     (gloves currently unavailable)
MR     .....     NoTele   +     (boots currently unavailable)
Stlth  ++++......               h - amulet of regeneration
                                j - ring of stealth
                                o - ring of teleportation (curse)

@: agile, lethally poisoned (-1 -> -14), icy armour, tree-form, protection aura,
very slightly contaminated, hasted, invisible, very quick
A: unfitting armour, clumsy 1, screaming 1, (cold-blooded), AC +6
a: no special abilities


You were on level 4 of the Dungeon.
You were hungry.
You were a tree.
You visited 1 branch of the dungeon, and saw 5 of its levels.

You collected 161 gold pieces.

Inventory:

Hand Weapons
 B - a +2 trident of protection (weapon)
Missiles
 r - 59 sling bullets
 t - 29 bolts
 z - 20 stones (quivered)
Armour
 y - a +1 pair of gloves (melded)
Jewellery
 h - an amulet of regeneration (around neck)
 j - a ring of stealth (right branch)
 o - a cursed ring of teleportation (left branch)
Scrolls
 d - a scroll of identify
 f - a scroll of immolation {unknown}
 g - a scroll of amnesia {unknown}
 p - a scroll of blinking {unknown}
 s - 4 scrolls of remove curse {unknown}
 w - a scroll of magic mapping {unknown}
Potions
 e - a potion of flight
 l - 2 potions of haste
 x - a potion of lignification
Books
 a - a book of Frost

   Spells                             Type                      Level
   a - Freeze                         Ice                          1
   b - Throw Frost                    Conjuration/Ice              2
   c - Ozocubu's Armour               Charms/Ice                   3
   d - Throw Icicle                   Conjuration/Ice              4
   e - Summon Ice Beast               Ice/Summoning                4
Comestibles
 b - 4 bread rations
 i - 7 fruits
 k - 8 chunks of flesh
 q - a beef jerky
 u - a royal jelly


   Skills:
 - Level 1.7 Dodging
 - Level 1.7 Stealth
 - Level 3.2 Spellcasting
   Level 1.0 Conjurations
 * Level 3.0 Summonings
 * Level 6.0 Ice Magic


You had 3 spell levels left.
You knew the following spells:

 Your Spells              Type           Power        Failure   Level  Hunger
a - Freeze                Ice            ###.         1%          1    #......
b - Ozocubu's Armour      Chrm/Ice       ##......     21%         3    ###....
c - Summon Ice Beast      Ice/Summ       ###.....     34%         4    #####..


Dungeon Overview and Level Annotations

Branches:
Dungeon (5/15)
 Temple: D:4-7

Altars:

Annotations:
D:4 Dowan


Innate Abilities, Weirdness & Mutations

((Your plain brown scales are hard. (AC +6)))
You cannot fit into any form of body armour.
((You are cold-blooded and may be slowed by cold attacks.))
You are clumsy. (Dex -2)
You occasionally shout uncontrollably at your foes.


Message History

You don't have enough magic to cast that spell.
You hit the quokka.
Your weapon exudes an aura of protection.
The quokka is severely wounded.
* * * LOW HITPOINT WARNING * * *
You feel sick.
The quokka bites you but does no damage.
Dowan shakes with grief.
Dowan hits you but does no damage.
You are electrocuted!
* * * LOW HITPOINT WARNING * * *
Some of the chunks of flesh in your inventory have rotted away.
You closely miss the quokka.
The quokka is severely wounded.
* * * LOW HITPOINT WARNING * * *
You feel very sick. The quokka barely misses you.
Unknown command.
You barely miss the quokka.
The quokka is severely wounded.
You die...

.### . ... .######.# ......#.###
#..##.....#### ...##..###.#..[<#
#.# #..#.........##.#### #.##
#............##r...## ##..######
#.#....<....(.e)♣...####.........
#.#.......((...####........(.....
#..#.....(......# ###.........$
##.#...........$.## #....$....
.>.g...<.$..........####.........
e.....W..........................
.................................
...............##................
...............# ................


You could see Dowan and a quokka.

Vanquished Creatures
  Duvessa (D:4)
  A bullfrog zombie (D:5)
  2 orc priests (D:3)
  Ijyb (D:3)
  Terence (D:4)
  An orc wizard (D:3)
  A gnoll (D:3)
  5 adders
  2 worms
  A dart slug (D:2)
  6 leopard geckos
  7 orcs
  2 ball pythons
  3 bats
  4 giant cockroaches
  8 goblins
  3 hobgoblins
  8 jackals
  4 kobolds
  A quokka (D:2)
  2 frilled lizards
  4 rats
68 creatures vanquished.

Notes
Turn   | Place    | Note
-------+----------+-------------------------------------------
     0 | D:1      | zxpr0jk the Draconian Ice Elementalist began the quest for the Orb.
     0 | D:1      | Reached XP level 1. HP: 14/14 MP: 3/3
   653 | D:2      | Reached XP level 2. HP: 20/20 MP: 5/5
   944 | D:2      | Reached XP level 3. HP: 10/26 MP: 4/7
  1200 | D:2      | Reached skill level 4 in Ice Magic
  1557 | D:3      | Noticed Terence
  1594 | D:4      | Killed Terence
  1594 | D:4      | Reached XP level 4. HP: 30/33 MP: 2/8
  1655 | D:4      | Noticed a phantom
  1674 | D:4      | Gained mutation: You are clumsy. (Dex -2) [potion of mutation]
  1674 | D:4      | Gained mutation: You occasionally shout uncontrollably at your foes. [potion of mutation]
  1697 | D:5      | Entered Level 5 of the Dungeon
  1743 | D:4      | Reached XP level 5. HP: 38/38 MP: 4/9
  1751 | D:4      | Learned a level 3 spell: Ozocubu's Armour
  1756 | D:4      | Learned a level 4 spell: Summon Ice Beast
  1800 | D:4      | Noticed Dowan
  1802 | D:4      | Noticed Duvessa
  1969 | D:3      | Reached skill level 5 in Ice Magic
  2049 | D:3      | Reached skill level 1 in Summonings
  2190 | D:3      | Noticed Ijyb
  2211 | D:3      | Killed Ijyb
  2277 | D:3      | Reached XP level 6. HP: 27/45 MP: 10/10
  2542 | D:4      | Killed Duvessa
  2542 | D:4      | Reached skill level 6 in Ice Magic
  2548 | D:4      | HP: 3/67 [Dowan/dagger of electrocution (9)]
  2549 | D:4      | HP: 1/67 [poisoned by Duvessa]
  2550 | D:4      | Succumbed to Duvessa's poison

Skill      XL: |  1  2  3  4  5  6 |
---------------+-------------------+-----
Ice Magic      | 4 5 6 |  6.0
Spellcasting   | 3 |  3.2
Summonings     | 2 3 |  3.0
Dodging        | |  1.7
Stealth        | |  1.7
Conjurations   | |  1.0

Action                   |  1- 3 |  4- 6 || total
-------------------------+-------+-------++-------
Melee: Unarmed           |     9 |       ||     9
       Hand axe          |   109 |    94 ||   203
       Tailslap          |     7 |    10 ||    17
       Trident           |       |    57 ||    57
Throw: Stone             |       |     6 ||     6
       Tomahawk          |       |     6 ||     6
 Cast: Freeze            |    16 |    24 ||    40
       Ozocubu's Armour  |       |     2 ||     2
  Use: Potion            |       |    10 ||    10
       Scroll            |       |     3 ||     3
 Stab: Sleeping          |     3 |     1 ||     4
  Eat: Chunk             |     2 |     4 ||     6
Armor: Skin              |    46 |    75 ||   121
Dodge: Dodged            |    95 |   133 ||   228
